 Dungeon Crawl Stone Soup version 0.18-a0-1413-g4eaa9ac (webtiles) character file.

885 Ijustatesigmund the Insei (level 8, -1/54 HPs)
             Began as an Octopode Transmuter on Feb 25, 2016.
             Slain by an orc warrior
             ... wielding a +0 battleaxe
              (21 damage)
             ... on level 7 of the Dungeon.
             The game lasted 00:28:00 (7346 turns).

Ijustatesigmund the Insei (Octopode Transmuter)     Turns: 7346, Time: 00:28:00

Health: -1/54      AC:  1    Str: 10    XL:     8   Next: 5%
Magic:  15/15      EV: 12    Int: 17    God:
Gold:   185        SH:  0    Dex: 12    Spells: 4 memorised, 6 levels left

rFire  . . .     SeeInvis .       - Unarmed
rCold  . . .     Gourm    .     (no shield)
rNeg   . . .     Faith    .     (helmet restricted)
rPois  .         Spirit   .     (no amulet)
rElec  .         Dismiss  .     q - ring of flight
rCorr  .         Reflect  .     (no ring)
SustAt .         Harm     .     (no ring)
MR     .....                    (no ring)
Stlth  ++........               (no ring)
                                (no ring)
                                (no ring)
                                (no ring)

@: very slightly contaminated, not resistant to hostile enchantments, unstealthy
A: almost no armour, amphibious, 8 rings, constrict 8, camouflage 1, gelatinous
body 1
a: Evoke Flight


You were on level 7 of the Dungeon.
You were hungry.

You visited 1 branch of the dungeon, and saw 7 of its levels.

You collected 185 gold pieces.

Inventory:

Missiles
 a - 15 arrows
Armour
 e - a +0 shield
Jewellery
 o - an uncursed ring of ice
 q - a ring of flight (left tentacle)
 r - an uncursed ring of protection from magic {unknown}
Wands
 j - a wand of flame (5/48)
 n - a wand of lightning (0/15)
Scrolls
 h - 4 scrolls of remove curse
 i - a scroll of immolation
 p - 3 scrolls of amnesia
 v - a scroll of noise
 w - a scroll of magic mapping
 x - a scroll of fear
 y - 2 scrolls of fog
Potions
 d - a potion of cancellation {unknown}
 g - a potion of magic
 s - a potion of lignification
 t - a potion of invisibility {unknown}
 u - a potion of brilliance {unknown}
Books
 b - a book of Changes

   Spells                             Type                      Level
   a - Beastly Appendage              Transmutation                1
   b - Sticks to Snakes               Transmutation                2
   c - Spider Form                    Transmutation/Poison         3
   d - Ice Form                       Ice/Transmutation            4
   e - Blade Hands                    Transmutation                5
 k - a book of Callings

   Spells                             Type                      Level
   a - Summon Small Mammal            Summoning                    1
   b - Call Imp                       Summoning                    2
   c - Call Canine Familiar           Summoning                    3
   d - Summon Guardian Golem          Hexes/Summoning              3
   e - Summon Lightning Spire         Summoning/Air                4
   f - Summon Ice Beast               Ice/Summoning                4
Comestibles
 c - 2 bread rations
 f - 2 meat rations


   Skills:
 - Level 3.7 Fighting
 + Level 2.1 Dodging
 - Level 5.2 Unarmed Combat
 - Level 5.1 Spellcasting
 + Level 3.5 Transmutations
 - Level 3.1 Poison Magic


You had 6 spell levels left.
You knew the following spells:

 Your Spells              Type           Power        Failure   Level  Hunger
a - Beastly Appendage     Trmt           ###...       3%          1    None
b - Sticks to Snakes      Trmt           ###.....     6%          2    #......
c - Spider Form           Trmt/Pois      ###.......   12%         3    ###....
d - Blade Hands           Trmt           ###.......   89%         5    ######.


Dungeon Overview and Level Annotations

Branches:
Dungeon (7/15)
 Temple: D:4-7

Altars:
Dithmenos
Nemelex Xobeh
Sif Muna

Annotations:
D:5 Uberwunderbarhen's ghost, novice OpTm


Innate Abilities, Weirdness & Mutations

You cannot wear most types of armour.
You are amphibious.
You can wear up to eight rings at the same time.
You can use your tentacles to constrict eight enemies at once.
Your skin changes colour to match your surroundings (Stealth).
Your rubbery body absorbs attacks (AC +1).


Message History

Found a beef jerky.
There is a stone staircase leading up here.
Casting: Sticks to Snakes
Confirm with . or Enter, or press ? or * to list all spells.
You miscast Spider Form.
You are very lightly contaminated with residual magic.
Wisps of poison gas drift from your tentacles.
The orc hits you with a morningstar.
The orc throws a tomahawk.
The tomahawk hits you but does no damage.
You see here a tomahawk.
You see here a beef jerky.
The orc hits you with a flail. The orc warrior misses you.
Found a scroll of remove curse.
The orc throws a tomahawk.
The tomahawk barely misses you.
You see here a tomahawk.
You see here a scroll of remove curse.
The orc warrior hits you with a battleaxe!!
You die...

#.s.###... ....
#.......... ....
#.#.........####
##o#.####...
#o.#.# #.
###....#
#.(..### #o##.#
#.@..# #..###
#....# #...##
#...# #####


You could see an orc warrior.

Vanquished Creatures
  An ogre (D:4)
  A giant frog (D:6)
  A scorpion (D:4)
  A crimson imp (D:6)
  3 orc priests
  3 hounds
  2 orc wizards
  Jessica (D:2)
  2 iguanas (D:6)
  Natasha (twice) (D:2)
  2 worker ants
  A hound zombie (D:6)
  Robin (D:2)
  4 gnolls (D:2)
  6 adders
  2 oozes
  An adder skeleton (D:4)
  A worm (D:4)
  4 dart slugs
  2 giant geckos
  9 orcs
  2 ball pythons
  13 bats
  4 giant cockroaches
  20 goblins
  12 hobgoblins
  3 jackals (D:5)
  11 kobolds
  4 quokkas
  4 giant newts
  7 rats
130 creatures vanquished.

Vanquished Creatures (collateral kills)
  A giant gecko (D:6)
  An orc (D:6)
2 creatures vanquished.

Vanquished Creatures (others)
  An orc wizard (D:6)
1 creature vanquished.

Grand Total: 133 creatures vanquished

Notes
Turn   | Place    | Note
--------------------------------------------------------------
     0 | D:1      | Ijustatesigmund the Octopode Transmuter began the quest for the Orb.
     0 | D:1      | Reached XP level 1. HP: 13/13 MP: 3/3
   400 | D:1      | Reached XP level 2. HP: 12/18 MP: 5/5
   404 | D:1      | Learned a level 2 spell: Sticks to Snakes
  1161 | D:1      | Reached XP level 3. HP: 21/24 MP: 6/6
  1166 | D:1      | Learned a level 3 spell: Spider Form
  1273 | D:2      | Noticed Jessica
  1278 | D:2      | Killed Jessica
  1428 | D:2      | Reached XP level 4. HP: 27/30 MP: 7/7
  1554 | D:2      | Noticed Robin
  2039 | D:2      | Reached skill level 1 in Poison Magic
  2174 | D:2      | Killed Robin
  2181 | D:2      | Reached XP level 5. HP: 15/36 MP: 6/8
  2576 | D:2      | Noticed Natasha
  2586 | D:2      | Killed Natasha
  2666 | D:2      | Noticed Natasha
  2678 | D:2      | Killed Natasha
  2995 | D:2      | Found a shadowy altar of Dithmenos.
  2995 | D:2      | Found a sparkling altar of Nemelex Xobeh.
  3127 | D:2      | Found a deep blue altar of Sif Muna.
  3265 | D:3      | Reached XP level 6. HP: 33/42 MP: 5/9
  4163 | D:4      | Reached XP level 7. HP: 7/47 MP: 9/11
  5445 | D:5      | Entered Level 5 of the Dungeon
  5491 | D:5      | Noticed Uberwunderbarhen's ghost (novice OpTm)
  6647 | D:6      | Learned a level 5 spell: Blade Hands
  6840 | D:6      | Reached skill level 5 in Unarmed Combat
  6840 | D:6      | Reached skill level 5 in Spellcasting
  6853 | D:6      | Reached XP level 8. HP: 36/54 MP: 15/15
  7346 | D:7      | Slain by an orc warrior

Vault maps used:
D:1:      dpeg_arrival_tiny_a
D:2:      led_sif_pool, amethyst_overflow_temple_binary, minmay_cupped,
          uniq_natasha, uniq_robin, uniq_jessica
D:3:      hangedman_decor_slide_cut
D:4:      first_bread
D:5:      corexii_shack_village, kennysheep_boxes, uniq_eustachio
D:7:      makhleb_altar_promises_db, minmay_temple_entry_junction, serial_shops,
          shop, nicolae_shop_behind_doors, kennysheep_mini,
          uniq_crazy_yiuf_cottage

Skill      XL: |  1  2  3  4  5  6  7 |
---------------+----------------------+-----
Fighting       | 2 3 |  3.7
Unarmed Combat | 4 5 |  5.2
Poison Magic   | 1 2 3 |  3.1
Transmutations | 3 |  3.5
Spellcasting   | 3 5 |  5.1
Dodging        | |  2.1

Action                   |  1- 3 |  4- 6 |  7- 9 || total
-------------------------+-------+-------+-------++-------
Melee: Unarmed           |    65 |   152 |   117 ||   334
 Cast: Beastly Appendage |     1 |    11 |     6 ||    18
       Sticks to Snakes  |       |     7 |    24 ||    31
Evoke: Wand              |       |    26 |     5 ||    31
  Use: Scroll            |     3 |    12 |     5 ||    20
       Potion            |       |     2 |     3 ||     5
 Stab: Sleeping          |     7 |     6 |     3 ||    16
       Distracted        |       |       |     1 ||     1
  Eat: Chunk             |     2 |     9 |     4 ||    15
       Bread ration      |       |       |     1 ||     1
       Beef jerky        |       |       |     1 ||     1
